 Dungeon Crawl Stone Soup version 0.30-a0-989-g0d87f670db (webtiles) character file.

Game seed: 6538303133551766659

2593 Jossarian the Thaumaturge (level 9, -1/39 HPs)
             Began as a Spriggan Conjurer on Apr 3, 2023.
             Was an Initiate of Vehumet.
             Shot with a bolt by an orc (2 damage)
             ... in a bailey.
             The game lasted 01:23:28 (7964 turns).

Jossarian the Thaumaturge (Spriggan Conjurer)       Turns: 7964, Time: 01:23:29

Health: -1/39      AC:  3    Str:  3    XL:     9   Next: 33%
Magic:  23/23      EV: 17    Int: 24    God:    Vehumet [......]
Gold:   45         SH:  0    Dex: 13    Spells: 13/26 levels left

rFire   . . .      SeeInvis +    t - +3 quarterstaff (chaos)
rCold   . . .      Faith    .    (shield currently unavailable)
rNeg    . . .      Spirit   .    a - +0 robe
rPois   +          Reflect  .    (helmet restricted)
rElec   .          Rampage  .    u - +0 cloak
rCorr   +                        (gloves unavailable)
Will    +....                    (boots unavailable)
Stlth   +++                      d - amulet of magic regeneration
HPRegen 0.26/turn                m - ring of resist corrosion
MPRegen 0.58/turn                v - ring of poison resistance

@: very quick
A: very small, no large weapons, unfitting armour, see invisible, speed 3
a: Renounce Religion


You were in a bailey.
You worshipped Vehumet.
Vehumet was noncommittal.
You visited 2 branches of the dungeon, and saw 8 of its levels.
You also visited: Bailey.

You collected 279 gold pieces.
You spent 234 gold pieces at shops.

Inventory:

Hand Weapons
 e - a +1 dagger of venom
 i - a +1 flail of holy wrath
 t - a +3 quarterstaff of chaos (weapon)
Missiles
 g - 53 stones
 p - 12 poisoned darts (quivered)
Armour
 a - a +0 robe (worn)
 f - a +0 buckler
 u - a +0 cloak (worn)
Jewellery
 d - an amulet of magic regeneration (around neck)
 j - an amulet of the acrobat
 m - a ring of resist corrosion (left hand)
 v - a ring of poison resistance (right hand)
Wands
 r - a wand of polymorph (8)
Scrolls
 h - 2 scrolls of enchant armour
 k - 4 scrolls of enchant weapon
 o - a scroll of amnesia
 q - 3 scrolls of teleportation
Potions
 b - a potion of magic
 c - a potion of curing {unknown}
 n - 2 potions of might
 s - a potion of resistance


   Skills:
 + Level 0.1 Fighting
 + Level 6.4 Throwing
 + Level 3.4 Dodging
 + Level 5.1 Stealth
 + Level 9.1 Spellcasting
 + Level 6.0 Conjurations
 + Level 1.5 Hexes
 + Level 2.6 Translocations
 + Level 0.3 Earth Magic


You had 13 spell levels left.
You knew the following spells:

 Your Spells              Type           Power      Damage    Failure   Level
a - Magic Dart            Conj           100%       1d8       1%          1
b - Searing Ray           Conj           80%        2d7       1%          2
c - Sandblast             Erth           24%        2d8       4%          1
d - Stone Arrow           Conj/Erth      52%        3d10      4%          3
e - Fulminant Prism       Conj/Hex       14%        3d9       12%         4
f - Blink                 Tloc           46%        N/A       3%          2

Your spell library contained the following spells:

 Spells                   Type           Power      Damage    Failure   Level
 Kiss of Death            Conj/Necr      100%       2d13      1%          1
 Momentum Strike          Conj/Tloc      64%        3d9       1%          2
 Lesser Beckoning         Tloc           46%        N/A       3%          2
 Dazzling Flash           Conj/Hex       58%        N/A       3%          3
 Passwall                 Tmut/Erth      9%         N/A       9%          2
 Confusing Touch          Hex            18%        N/A       9%          3
 Iskenderun's Mystic Bla  Conj/Tloc      32%        2d8       10%         4
 Ozocubu's Armour         Ice            11%        N/A       17%         3
 Dispel Undead            Necr           11%        3d9       50%         4
 Ozocubu's Refrigeration  Ice            5%         4d8       100%        7


Dungeon Overview and Level Annotations

Branches:
Dungeon (7/15)             Temple (1/1) D:5          Bailey (1/1)

Altars:
Ashenzari
Cheibriados
Dithmenos
Fedhas
Hepliaklqana
Kikubaaqudgha
Nemelex Xobeh
Okawaru
Ru
Sif Muna
Trog
Uskayaw
Vehumet
Xom
Yredelemnul

Shops:
D:5 :   D:6 :


Innate Abilities, Weirdness & Mutations

You are very small and have problems with some larger weapons.
You are too small for most types of armour.
You have supernaturally acute eyesight. (SInv)
You cover ground extremely quickly. (Speed+++)


Message History

Aiming: Fulminant Prism (quite dangerous; 12% risk of failure)
Press: ? - help, Dir - move target You miscast Fulminant Prism.
You are very lightly contaminated with residual magic.
Nothing appears to happen.
The orc warrior shoots a bolt.
The bolt barely misses you.
The orc warrior shoots a bolt.
The bolt hits you!!
Throw: 13 darts (poison)
Press: ? - help, Q - select action, (/) - cycle Shift-Dir - straight line, f - orc warrior
Aim: an orc warrior, wielding a +0 arbalest and wearing a +0 scale mail (lightly wounded, 53% to hit)
You throw a poisoned dart.
The poisoned dart closely misses the orc warrior.
The orc warrior shoots a bolt.
The bolt misses you.
Casting: Fulminant Prism (quite dangerous; 12% risk of failure)
Confirm with . or Enter, or press ? or * to list all spells.
Aiming: Searing Ray (safe; 1% risk of failure)
Press: ? - help, Shift-Dir - straight line, f - orc
Aim: an orc, wielding a +0 arbalest and wearing a +0 ring mail (84% to hit)
The searing ray misses the orc. (Press . to maintain the ray.)
The orc shoots a bolt.
The bolt hits you.
Your magical contamination has completely faded away.
The orc shoots a bolt.
The bolt completely misses you.
The orc shoots a bolt.
The bolt hits you!
* * * LOW HITPOINT WARNING * * *
The orc warrior shoots a bolt.
The bolt hits you.
* * * LOW HITPOINT WARNING * * *
You hear a shout!
The orc shoots a bolt.
The bolt hits you.
* * * LOW HITPOINT WARNING * * *
As you read the scroll of immolation, it crumbles to dust.
The creatures around you are filled with an inner flame!
The orc shoots a bolt.
The bolt hits you but does no damage.
The orc shoots a bolt.
The bolt completely misses you.
The orc shoots a bolt.
The bolt hits you.
* * * LOW HITPOINT WARNING * * *
An orc warrior comes into view. It is wielding a +0 arbalest.
The orc shoots a bolt.
The bolt misses you.
The orc shoots a bolt.
The bolt hits you.
You die...

.......≈#∩.##≈....
............o.....#≈o...
........o...o≈##.##≈....
.............≈≈###≈≈....
..............≈≈≈≈≈.....
........................
........................
.......................∩
.......@................
########################


You could see an orc warrior and 2 orcs.

Vanquished Creatures
  A two-headed ogre (D:6)
  Grinder (D:4)
  Sigmund (D:4)
  A water moccasin (D:6)
  A sky beast (D:7)
  An orc warrior (D:6)
  An ogre (D:6)
  2 black bears (D:5)
  A kobold brigand (D:4)
  A bullfrog (D:6)
  2 scorpions (D:6)
  A howler monkey (D:5)
  5 hounds
  2 jellies
  5 orc priests
  4 iguanas
  Crazy Yiuf (D:4)
  5 orc wizards
  Robin (D:4)
  5 adders
  2 white imps
  2 worms
  4 dart slugs
  28 orcs
  4 bats
  8 endoplasms
  3 giant cockroaches
  6 hobgoblins
  3 jackals (D:4)
  5 kobolds
  A quokka (D:3)
  2 ball pythons
  A frilled lizard (D:3)
  15 goblins
  3 rats
129 creatures vanquished.

Vanquished Creatures (others)
  8 fulminant prisms
8 creatures vanquished.

Grand Total: 137 creatures vanquished

Notes
Turn   | Place    | Note
-------+----------+-------------------------------------------
     0 | D:1      | Jossarian the Spriggan Conjurer began the quest for the
                  | Orb.
     0 | D:1      | Reached XP level 1. HP: 9/9 MP: 5/5
   332 | D:1      | You fall into a shaft and drop 1 floor!
   398 | D:2      | Reached XP level 2. HP: 13/13 MP: 4/6
   419 | D:2      | Learned a level 2 spell: Searing Ray
   521 | D:2      | Reached skill level 3 in Spellcasting
   611 | D:2      | Learned a level 1 spell: Sandblast
   805 | D:1      | Reached XP level 3. HP: 16/16 MP: 6/8
  1659 | D:2      | Reached XP level 4. HP: 21/21 MP: 7/10
  1668 | D:2      | Learned a level 3 spell: Stone Arrow
  2412 | D:3      | Found a sparkling altar of Nemelex Xobeh.
  2710 | D:3      | Found a hazy altar of Hepliaklqana.
  2726 | D:3      | Reached skill level 4 in Spellcasting
  3142 | D:4      | Reached XP level 5. HP: 21/24 MP: 8/12
  3212 | D:4      | Found a runed translucent door.
  3213 | D:4      | Noticed Crazy Yiuf
  3377 | D:4      | Noticed Sigmund
  3468 | D:4      | Reached skill level 5 in Spellcasting
  4068 | D:4      | Killed Sigmund
  4069 | D:4      | Reached skill level 1 in Throwing
  4069 | D:4      | Reached XP level 6. HP: 12/28 MP: 10/15
  4307 | D:4      | Noticed Grinder
  4336 | D:4      | Killed Grinder
  4337 | D:4      | Reached skill level 6 in Spellcasting
  4337 | D:4      | Reached XP level 7. HP: 32/32 MP: 10/17
  4355 | D:4      | Learned a level 4 spell: Fulminant Prism
  4400 | D:4      | Noticed Robin
  4404 | D:4      | Killed Robin
  4586 | D:4      | Killed Crazy Yiuf
  4769 | D:5      | Entered Level 5 of the Dungeon
  4831 | D:5      | Reached skill level 7 in Spellcasting
  4836 | D:5      | Reached skill level 5 in Conjurations
  4919 | D:5      | Found a radiant altar of Vehumet.
  4971 | D:5      | Found an iron altar of Okawaru.
  5138 | D:5      | Found a staircase to the Ecumenical Temple.
  5147 | Temple   | Entered the Ecumenical Temple
  5251 | D:5      | Found Ublytsyf's Book Boutique.
  5363 | D:5      | Found a bloodstained altar of Trog.
  5722 | D:5      | Reached XP level 8. HP: 36/36 MP: 17/20
  6131 | D:6      | Noticed a two-headed ogre
  6168 | D:6      | Killed a two-headed ogre
  6169 | D:6      | Reached skill level 5 in Throwing
  6169 | D:6      | Reached skill level 8 in Spellcasting
  6301 | D:6      | Reached XP level 9. HP: 39/39 MP: 18/22
  6370 | D:6      | Reached skill level 9 in Spellcasting
  6455 | D:6      | Reached skill level 5 in Stealth
  6628 | D:6      | Found Remeem Ebap's Book Boutique.
  6722 | D:6      | Reached skill level 1 in Hexes
  6819 | D:6      | Found a shimmering blue altar of Sif Muna.
  7395 | D:5      | Bought a book of Spatial Translocations for 234 gold pieces
  7411 | D:5      | Learned a level 2 spell: Blink
  7606 | D:5      | Became a worshipper of Vehumet
  7685 | D:7      | Reached skill level 1 in Translocations
  7918 | D:7      | Found a flagged portal.
  7925 | Bailey   | Entered a bailey
  7958 | Bailey   | HP: 1/39 [orc/bolt (2)]
  7964 | Bailey   | Shot with a bolt by an orc

Illustrated notes

Levels and vault maps discovered:
D:1:      psy_arrival_dodecagon, layout_loops_ring, minmay_misc_feat_cross
D:2:      layout_rooms, serial_curves, eino_curves_01, eino_curves_03
D:3:      layout_loops_corners, mainiacjoe_overflow_alcove_1,
          nicolae_overflow_hidden_temple
D:4:      layout_rooms, uniq_grinder, uniq_crazy_yiuf_cottage, uniq_sigmund,
          uniq_robin
D:5:      layout_basic, okawaru_metal_pillars_1_2, trog_three_pillars_becter,
          general_overflow_altar, minmay_temple_entry_statues_fountains,
          serial_shops, nicolae_shop_hallway_plus
D:6:      layout_loops_ring, mainiacjoe_overflow_brackets, serial_shops, shop
D:7:      layout_loops_ring, elyvilon_altar_5, enter_bailey_3
Temple:   hellmonk_temple_beads
Bailey:   bailey_polearm_2, bailey

Skill      XL: |  1  2  3  4  5  6  7  8  9 |
---------------+----------------------------+-----
Conjurations   | 3 4 5 6 |  6.0
Spellcasting   | 3 4 5 6 7 8 9 |  9.1
Throwing       | 1 2 4 6 |  6.4
Dodging        | 3 |  3.4
Stealth        | 4 5 |  5.1
Hexes          | 1 |  1.5
Translocations | 2 |  2.6
Fighting       | |  0.1
Earth Magic    | |  0.3

Action                     |  1- 3 |  4- 6 |  7- 9 || total
---------------------------+-------+-------+-------++-------
  Throw: Dart              |       |    28 |    49 ||    77
         Stone             |       |     1 |       ||     1
   Cast: Magic Dart        |    50 |    48 |    56 ||   154
         Searing Ray       |     7 |    19 |    50 ||    76
         Sandblast         |     2 |       |       ||     2
         Stone Arrow       |       |       |     1 ||     1
         Fulminant Prism   |       |       |     8 ||     8
         Blink             |       |       |    13 ||    13
    Use: Scroll            |     4 |     4 |     2 ||    10
 Armour: Robe              |     1 |       |     2 ||     3
  Dodge: Dodged            |     4 |     3 |    16 ||    23

Table legend: (Time is in decaauts)
 A = Elapsed time spent in this place.
 B = Non-inter-level travel time spent in this place.
 C = Inter-level travel time spent in this place.
 D = Time resting spent in this place.
 E = Time spent auto-exploring this place.
 F = Levels seen in this place.
 G = Mean time per level.
                   A        B        C        D        E       F      G
               +--------+--------+--------+--------+--------+-----+--------+
         Total |   5676 |   2721 |   2955 |   1596 |      0 |   9 |  630.7 |
       Dungeon |   5591 |   2693 |   2898 |   1596 |      0 |   7 |  798.7 |
        Temple |     59 |      2 |     57 |      0 |      0 |   1 |   59.0 |
        Bailey |     25 |     25 |      0 |      0 |      0 |   1 |   25.0 |
               +--------+--------+--------+--------+--------+-----+--------+

Top non-repeatable levels by time:
     D:4: 1225 daAuts
     D:6: 1069 daAuts
     D:5: 1006 daAuts
     D:3: 986 daAuts
     D:1: 651 daAuts
     D:2: 562 daAuts
     D:7: 89 daAuts
  Temple: 59 daAuts
  Bailey: 25 daAuts
